AoeStats
← DYN_BenderGC

Arena

510331494Analyzed
4v4 RM · 1d ago on Sep 30, 2026· 25m 35s· 8 players
Game mode
Random Map
Map size
Large (8 player)
Population
200
Speed
Normal
Resources
Standard
Victory
Conquest
Starting age
Dark Age
Ending age
Imperial Age
RankedLock teamsTeams togetherTeam positionsShared explorationLock speedFull tech treeHidden civsTurbo modeCheats
Victory
Defeat
🇹🇼 Khmer · Taiwan
1506
+19
🇹🇼 Lithuanians · Taiwan
1484
+20
🇹🇼 Romans · Taiwan
1455
+21
🇨🇳 Dravidians · China
1436
+22
🇪🇸 Jurchens · Spain
1687
-25
🇪🇸 Danes · Spain
1675
-24
🇵🇪 Burgundians · Peru
1561
-20
🇪🇸 Portuguese · Spain
1380
-13
戒賭胖
9:30 Feudal Age
8:33 Loom
13:04 Castle Age
11:17 Double-Bit Axe
22:33 Ballistics
PETER
11:56 Feudal Age
15:16 Castle Age
13:10 Double-Bit Axe
13:39 Horse Collar
13:56 Gold Mining
15:01 Bloodlines
16:12 Heavy Plow
20:25 Husbandry
25:27 Scale Barding Armor
25:33 Forging
26:17 Bow Saw
致远Deepgame
9:19 Feudal Age
10:23 Double-Bit Axe
13:18 Castle Age
11:46 Horse Collar
14:29 Bow Saw
21:45 Wheelbarrow
22:06 Heavy Plow
22:53 Gold Mining
23:54 Hand Cart
不疾不徐
1:22 Loom
5:20 Loom
8:05 Feudal Age
9:47 Fletching
17:16 Double-Bit Axe
17:32 Horse Collar
25:03 Castle Age
DS_Maulet
9:42 Feudal Age
13:38 Castle Age
11:39 Double-Bit Axe
11:52 Horse Collar
14:32 Bow Saw
20:33 Wheelbarrow
20:18 Heavy Plow
20:47 Stone Mining
21:33 Gold Mining
21:39 Loom
22:27 Hand Cart
26:40 Imperial Age
24:41 Scale Barding Armor
24:57 Forging
25:36 Chain Barding Armor
26:31 Iron Casting
César
5:12 Loom
10:57 Feudal Age
15:12 Castle Age
13:21 Double-Bit Axe
15:11 Horse Collar
15:35 Gold Mining
15:39 Stone Mining
21:26 Pikeman
pau795
7:57 Loom
10:02 Feudal Age
12:12 Fletching
13:01 Horse Collar
13:38 Double-Bit Axe
14:28 Town Watch
20:16 Castle Age
18:58 Scale Mail Armor
21:55 Gambesons
DYN_BenderGC
4:39 Double-Bit Axe
10:29 Feudal Age
15:11 Castle Age
13:32 Horse Collar
14:35 Bow Saw
20:22 Sanctity
20:36 Fervor
20:37 Loom
21:37 Redemption
Connection lost

Rejoining the realm…

Still unreachable

The connection could not be restored.

Session expired

The server has moved on; the page needs a fresh start.